 Dungeon Sprint DCSS version 0.27.1-33-g824d729ab1 (webtiles) character file.

Game seed: 1900134876370434762

278 Hipnos the Covert (level 6, -1/29 HPs)
             Began as a Spriggan Enchanter on Nov 26, 2021.
             Was an Initiate of Makhleb.
             Slain by a slime creature (19 damage)
             ... in the Dungeon (Sprint I: "Red Sonja").
             The game lasted 00:01:08 (160 turns).

Hipnos the Covert (Spriggan Enchanter)               Turns: 160, Time: 00:01:09

Health: -1/29      AC:  2    Str:  4    XL:     6   Next: 5%
Magic:  11/15      EV: 19    Int: 17    God:    Makhleb [......]
Gold:   162        SH:  0    Dex: 17    Spells: 4/16 levels left

rFire    . . .     SeeInvis +   a - +1 dagger
rCold    . . .     Faith    .   (shield restricted)
rNeg     . . .     Spirit   .   b - +0 robe
rPois    .         Reflect  .   (helmet restricted)
rElec    .         Harm     .   (no cloak)
rCorr    .         Rampage  .   (gloves unavailable)
Will     +....     NoTele   +   (boots unavailable)
Stlth    ++++++....             (no amulet)
HPRegen  0.09/turn              (no ring)
MPRegen  0.14/turn              (no ring)

@: very quick
A: very small, no large weapons, unfitting armour, see invisible, speed 3
a: Renounce Religion


You were in the Dungeon.
You worshipped Makhleb.
Makhleb was noncommittal.
You visited 1 branch You collected 162 gold pieces.

Inventory:

Hand Weapons
 a - a +1 dagger (weapon)
Armour
 b - a +0 robe (worn)
Scrolls
 h - a scroll of blinking
Potions
 c - a potion of curing
 d - a potion of heal wounds
 e - a potion of haste
 f - 2 potions of magic


   Skills:
 + Level 0.4 Fighting
 + Level 1.9 Short Blades
 + Level 5.3 Dodging
 * Level 13.6 Stealth
 + Level 5.7 Spellcasting
 + Level 8.9 Hexes
 + Level 0.8 Ice Magic


You had 4 spell levels left.
You knew the following spells:

 Your Spells              Type           Power      Damage    Failure   Level
a - Corona                Hex            38%        N/A       1%          1
b - Ensorcelled Hibernat  Hex/Ice        42%        N/A       2%          2
c - Confusing Touch       Hex            35%        N/A       1%          3
d - Tukima's Dance        Hex            35%        N/A       1%          3
e - Dazzling Flash        Conj/Hex       40%        N/A       6%          3

Your spell library contained the following spells:

 Spells                   Type           Power      Damage    Failure   Level


Dungeon Overview and Level Annotations

Branches:
Dungeon (1/1)

Altars:
Makhleb
Xom
Jiyva
Lugonu


Innate Abilities, Weirdness & Mutations

You are very small and have problems with some larger weapons.
You are too small for most types of armour.
You have supernaturally acute eyesight. (SInv)
You cover ground extremely quickly. (Speed+++)


Message History

You have reached level 5!
You feel clever.
You have reached level 6!
Your experience leads to an increase in your attributes!
Increase (S)trength, (I)ntelligence, or (D)exterity?
You feel agile.
Things that are here:
a +0 scythe; a +0 robe; the human corpse of Sigmund You start resting.
Magic restored.
You open the door.
Found 108 gold pieces.
There is an open door here.
You now have 81 gold pieces (gained 27).
You now have 108 gold pieces (gained 27).
You now have 135 gold pieces (gained 27).
You now have 162 gold pieces (gained 27).
You open the door.
A slime creature comes into view.
Found four altars.
There is an open door here.
The slime creature quivers.
There is a burning altar of Makhleb here.
You kneel at the altar of Makhleb.
Makhleb welcomes you! The slime creature closely misses you.
Casting: Ensorcelled Hibernation (safe; 2% risk of failure)
Confirm with . or Enter, or press ? or * to list all spells.
Aiming: Ensorcelled Hibernation (safe; 2% risk of failure)
Press: ? - help, Shift-Dir - straight line, f - slime creature
Aim: a slime creature (chance to affect: 33%)
The slime creature easily resists.
The slime creature hits you!
Casting: Ensorcelled Hibernation (safe; 2% risk of failure)
Confirm with . or Enter, or press ? or * to list all spells.
Aiming: Ensorcelled Hibernation (safe; 2% risk of failure)
Press: ? - help, Shift-Dir - straight line, f/p - slime creature
Aim: a slime creature (chance to affect: 33%)
The slime creature easily resists.
The slime creature hits you!!
Ouch! That really hurt!
You die...

###################
#<.#..'..#..'..#__#
#..)..#.)').#..'.J+
#..#####'#####+#@_#
#..# #..# #### #..#
#### #..# #⌠⌠# ####


You could see a slime creature.

Vanquished Creatures
  Sigmund (D)
  An ogre (D)
  Ijyb (D)
3 creatures vanquished.

Notes
Turn   | Place    | Note
-------+----------+-------------------------------------------
     0 | D        | Hipnos the Spriggan Enchanter began the quest for the Orb.
     0 | D        | Reached XP level 1. HP: 9/9 MP: 5/5
     1 | D        | Noticed Ijyb
    14 | D        | Killed Ijyb
    15 | D        | Reached skill level 7 in Stealth
    15 | D        | Reached skill level 5 in Hexes
    15 | D        | Reached XP level 2. HP: 13/13 MP: 5/7
    35 | D        | Learned a level 2 spell: Ensorcelled Hibernation
    46 | D        | Noticed an ogre
    51 | D        | Killed an ogre
    52 | D        | Reached skill level 10 in Stealth
    52 | D        | Reached XP level 3. HP: 16/16 MP: 6/10
    52 | D        | Reached XP level 4. HP: 21/21 MP: 6/11
    97 | D        | Learned a level 3 spell: Confusing Touch
   101 | D        | Learned a level 3 spell: Tukima's Dance
   105 | D        | Learned a level 3 spell: Dazzling Flash
   105 | D        | Noticed Sigmund
   108 | D        | Killed Sigmund
   109 | D        | Reached skill level 5 in Dodging
   109 | D        | Reached skill level 13 in Stealth
   109 | D        | Reached skill level 5 in Spellcasting
   109 | D        | Reached XP level 5. HP: 25/25 MP: 10/14
   109 | D        | Reached XP level 6. HP: 29/29 MP: 10/15
   155 | D        | Found a burning altar of Makhleb.
   155 | D        | Found a viscous altar of Jiyva.
   155 | D        | Found a shimmering altar of Xom.
   155 | D        | Found a corrupted altar of Lugonu.
   155 | D        | Noticed a slime creature
   158 | D        | Became a worshipper of Makhleb the Destroyer
   160 | D        | Slain by a slime creature

Illustrated notes

Levels and vault maps discovered:
D:        dungeon_sprint_1 [red_sonja_temple_1, red_sonja_temple_small_1]

Skill      XL: |  1  2  3  4 |
---------------+-------------+-----
Dodging        | 3 4 5 |  5.3
Stealth        | 7 10 13 | 13.6
Spellcasting   | 3 4 5 |  5.7
Hexes          | 5 7 8 |  8.9
Fighting       | |  0.4
Short Blades   | |  1.9
Ice Magic      | |  0.8

Action                   |  1- 3 |  4- 6 || total
-------------------------+-------+-------++-------
Melee: Dagger            |    14 |     1 ||    15
 Cast: Ensorcelled Hiber |     1 |     3 ||     4
  Use: Potion            |     1 |       ||     1
 Stab: Sleeping          |     1 |     1 ||     2
Dodge: Dodged            |     6 |     2 ||     8
